[ AOE2 MATCH · #493720853 ]
UnrankedMalians vs Magyars
[ REPLAY ANALYSIS · EXTRACTED FROM THE RECORDED GAME ]
Feudal
10:56
Castle
21:10
Imperial
—
| APM avg | 55.0 |
| APM peak | 96 |
| eAPM avg | 33.2 |
| Villagers / military | 45 / 12 |
Focus
⚔️ 51.1% · 🌾 48.9%
Archer ×10 · Spearman ×2
Feudal
8:25
Castle
20:32
Imperial
—
| APM avg | 40.8 |
| APM peak | 91 |
| eAPM avg | 20.9 |
| Villagers / military | 46 / 12 |
Focus
⚔️ 41.5% · 🌾 58.5%
Knight ×8 · Spearman ×4
Feudal
11:46
Castle
15:16
Imperial
—
| APM avg | 44.6 |
| APM peak | 67 |
| eAPM avg | 21.8 |
| Villagers / military | 52 / 22 |
Focus
⚔️ 31.5% · 🌾 68.5%
Knight ×13 · Battering Ram ×5 · Mangonel ×2 · Scorpion ×2
Feudal
8:30
Castle
17:58
Imperial
—
| APM avg | 49.1 |
| APM peak | 77 |
| eAPM avg | 27.8 |
| Villagers / military | 33 / 0 |
Focus
⚔️ 34.9% · 🌾 65.1%
Match map
Initial resources + every placement click. Lines = walls · curves = elevation contours. ◆ gold · ⬟ stone · ● berries · ✦ relic · ◌ wall gap
Your base· ✓ Closed at 21:10 · 24t walls · 2 gate(s)
VENÓN | Mauricio's base· ✓ Closed at 20:32 · 0t walls · 3 gate(s)
Smiley's base· ✓ Closed at 15:16 · 0t walls · 2 gate(s)
Weon's base· ✓ Closed at 17:58 · 1t walls · 4 gate(s)
Smoothed initial terrain · ◌ = detected wall gap · hover for details
Inputs per minute
— TAG_Sitaux - - VENÓN | Mauricio
Build order — TAG_Sitaux
128 actions detected in the replay
| 0:00 | Create | Villager (Male) |
| 0:01 | Create | Villager (Male) |
| 0:01 | Build | House |
| 0:02 | Build | House |
| 0:08 | Create | Villager (Male) |
| 0:09 | Create | Villager (Male) |
| 1:33 | Create | Villager (Male) |
| 1:33 | Create | Villager (Male) |
| 1:58 | Create | Villager (Male) |
| 2:11 | Create | Villager (Male) |
| 2:11 | Create | Villager (Male) |
| 2:26 | Build | Lumber Camp |
| 2:43 | Create | Villager (Male) |
| 2:55 | Create | Villager (Male) |
| 2:55 | Create | Villager (Male) |
| 3:23 | Create | Villager (Male) |
| 3:41 | Create | Villager (Male) |
| 3:41 | Create | Villager (Male) |
| 3:53 | Build | House |
| 3:54 | Build | House |
| 3:55 | Build | Palisade Wall |
| 3:58 | Build | Palisade Wall |
| 3:59 | Build | Palisade Wall |
| 4:00 | Build | Palisade Wall |
| 4:00 | Build | Palisade Wall |
| 4:04 | Create | Villager (Male) |
| 4:04 | Create | Villager (Male) |
| 4:17 | Build | Mill |
| 4:24 | Create | Villager (Male) |
| 4:24 | Create | Villager (Male) |
| 4:45 | Create | Villager (Male) |
| 4:45 | Create | Villager (Male) |
| 5:18 | Build | Palisade Gate |
| 5:43 | Create | Villager (Male) |
| 5:53 | Build | Farm |
| 5:55 | Build | Farm |
| 6:07 | Create | Villager (Male) |
| 6:31 | Create | Villager (Male) |
| 6:37 | Build | Farm |
| 6:52 | Create | Villager (Male) |
| 7:09 | Build | Farm |
| 7:16 | Build | House |
| 7:22 | Create | Villager (Male) |
| 7:47 | Create | Villager (Male) |
| 8:08 | Create | Villager (Male) |
| 8:39 | Research | Feudal Age |
| 8:39 | Research | Feudal Age |
| 9:16 | Build | Mining Camp |
| 9:33 | Research | Loom |
| 9:33 | Research | Loom |
| 9:36 | Build | Mining Camp |
| 9:45 | Build | Barracks |
| 10:08 | Build | Palisade Wall |
| 10:15 | Build | Palisade Wall |
| 10:19 | Build | Palisade Wall |
| 10:56 | Age | Feudal Age |
| 10:58 | Build | Watch Tower |
| 11:04 | Create | Villager (Male) |
| 11:21 | Build | Archery Range |
| 11:23 | Build | House |
| 11:38 | Create | Villager (Male) |
| 11:42 | Research | Double-Bit Axe |
| 11:42 | Research | Double-Bit Axe |
| 11:46 | Build | Stone Wall |
| 11:48 | Build | Stone Wall |
| 11:54 | Build | House |
| 11:56 | Build | Stone Wall |
| 11:58 | Create | Villager (Male) |
| 12:00 | Create | Spearman |
| 12:02 | Create | Archer |
| 12:12 | Build | House |
| 12:17 | Create | Archer |
| 12:35 | Create | Villager (Male) |
| 12:37 | Create | Archer |
| 12:41 | Build | Farm |
| 12:51 | Create | Villager (Male) |
| 13:05 | Create | Villager (Male) |
| 13:06 | Build | Farm |
| 13:08 | Build | Farm |
| 13:19 | Create | Archer |
| 13:39 | Build | Watch Tower |
| 13:42 | Create | Villager (Male) |
| 13:45 | Create | Spearman |
| 13:58 | Create | Villager (Male) |
| 14:03 | Build | Blacksmith |
| 14:09 | Create | Archer |
| 14:35 | Create | Villager (Male) |
| 14:37 | Build | Farm |
| 14:47 | Research | Fletching |
| 14:47 | Research | Fletching |
| 14:55 | Build | Watch Tower |
| 15:03 | Create | Archer |
| 15:03 | Create | Archer |
| 15:05 | Create | Villager (Male) |
| 15:39 | Create | Villager (Male) |
| 15:53 | Create | Villager (Male) |
| 15:54 | Build | Farm |
| 15:54 | Build | Mill |
| 15:56 | Build | Farm |
| 15:58 | Build | Farm |
| 15:59 | Build | Farm |
| 16:02 | Build | House |
| 16:09 | Build | Farm |
| 16:14 | Build | Farm |
| 16:18 | Create | Villager (Male) |
| 16:27 | Create | Archer |
| 16:41 | Create | Villager (Male) |
| 17:12 | Create | Villager (Male) |
| 17:23 | Build | House |
| 17:24 | Build | House |
| 17:45 | Create | Villager (Male) |
| 17:46 | Build | Farm |
| 17:52 | Build | House |
| 18:30 | Research | Castle Age |
| 18:36 | Build | Watch Tower |
| 18:37 | Create | Archer |
| 19:02 | Research | Horse Collar |
| 19:02 | Research | Horse Collar |
| 19:16 | Build | Farm |
| 19:21 | Create | Archer |
| 19:50 | Research | Stone Mining |
| 20:07 | Research | Gold Mining |
| 20:07 | Research | Gold Mining |
| 21:04 | Build | Market |
| 21:10 | Age | Castle Age |
| 21:15 | Research | Crossbowman (upgrade) |
| 21:15 | Research | Crossbowman (upgrade) |
| 21:18 | Create | Villager (Male) |
Build order — VENÓN | Mauricio
107 actions detected in the replay
| 0:00 | Create | Villager (Male) |
| 0:00 | Create | Villager (Male) |
| 0:01 | Create | Villager (Male) |
| 0:01 | Create | Villager (Male) |
| 0:02 | Build | House |
| 0:03 | Build | House |
| 1:17 | Create | Villager (Male) |
| 1:45 | Create | Villager (Male) |
| 2:08 | Create | Villager (Male) |
| 2:10 | Build | Lumber Camp |
| 2:25 | Create | Villager (Male) |
| 2:44 | Create | Villager (Male) |
| 3:05 | Create | Villager (Male) |
| 3:29 | Create | Villager (Male) |
| 3:47 | Build | House |
| 3:56 | Create | Villager (Male) |
| 3:56 | Create | Villager (Male) |
| 4:09 | Create | Villager (Male) |
| 4:53 | Build | Mill |
| 4:54 | Create | Villager (Male) |
| 6:14 | Research | Feudal Age |
| 7:12 | Build | Lumber Camp |
| 7:53 | Create | Villager (Male) |
| 8:17 | Create | Villager (Male) |
| 8:25 | Age | Feudal Age |
| 8:31 | Build | House |
| 8:35 | Research | Double-Bit Axe |
| 8:47 | Research | Horse Collar |
| 8:48 | Create | Villager (Male) |
| 8:54 | Create | Villager (Male) |
| 8:55 | Build | House |
| 8:56 | Build | House |
| 9:23 | Build | Market |
| 9:44 | Build | Mining Camp |
| 9:52 | Build | Farm |
| 9:57 | Create | Villager (Male) |
| 10:08 | Research | Wheelbarrow |
| 10:26 | Build | Farm |
| 10:29 | Build | House |
| 10:57 | Create | Villager (Male) |
| 11:31 | Build | Farm |
| 11:32 | Build | Farm |
| 11:42 | Create | Villager (Male) |
| 11:43 | Build | Farm |
| 11:46 | Build | Farm |
| 12:02 | Create | Villager (Male) |
| 12:35 | Create | Villager (Male) |
| 12:38 | Build | Farm |
| 12:39 | Build | Farm |
| 12:41 | Build | Farm |
| 12:42 | Create | Villager (Male) |
| 13:10 | Create | Villager (Male) |
| 13:25 | Create | Villager (Male) |
| 13:34 | Create | Villager (Male) |
| 13:37 | Build | Farm |
| 13:39 | Build | Farm |
| 13:39 | Create | Villager (Male) |
| 13:54 | Create | Villager (Male) |
| 14:05 | Create | Villager (Male) |
| 14:13 | Create | Villager (Male) |
| 14:14 | Build | Farm |
| 14:15 | Build | Farm |
| 14:16 | Create | Villager (Male) |
| 14:20 | Build | Farm |
| 14:53 | Build | Farm |
| 14:53 | Create | Villager (Male) |
| 15:12 | Build | Blacksmith |
| 15:18 | Create | Villager (Male) |
| 15:41 | Create | Villager (Male) |
| 15:59 | Create | Villager (Male) |
| 16:04 | Create | Villager (Male) |
| 16:12 | Build | Lumber Camp |
| 16:22 | Build | Farm |
| 16:23 | Build | Farm |
| 16:25 | Create | Villager (Male) |
| 16:30 | Build | Farm |
| 16:48 | Create | Villager (Male) |
| 17:11 | Build | Barracks |
| 17:18 | Create | Villager (Male) |
| 17:52 | Research | Castle Age |
| 18:41 | Build | Stable |
| 18:42 | Build | Stable |
| 18:46 | Research | Scale Barding Armor |
| 19:04 | Create | Villager (Male) |
| 19:35 | Create | Spearman |
| 19:35 | Create | Spearman |
| 19:37 | Create | Spearman |
| 19:42 | Build | House |
| 19:43 | Research | Gold Mining |
| 19:44 | Research | Gold Mining |
| 20:09 | Create | Spearman |
| 20:32 | Age | Castle Age |
| 20:33 | Create | Knight |
| 20:34 | Create | Knight |
| 20:35 | Create | Villager (Male) |
| 20:36 | Research | Bow Saw |
| 20:38 | Create | Knight |
| 20:41 | Create | Knight |
| 20:51 | Create | Knight |
| 20:52 | Create | Villager (Male) |
| 20:53 | Create | Villager (Male) |
| 20:53 | Create | Villager (Male) |
| 21:03 | Build | Town Center |
| 21:13 | Build | House |
| 21:14 | Create | Knight |
| 21:15 | Create | Knight |
| 21:20 | Create | Knight |
Build order — Smiley
109 actions detected in the replay
| 0:00 | Create | Villager (Male) |
| 0:01 | Create | Villager (Male) |
| 0:01 | Create | Villager (Male) |
| 0:02 | Build | House |
| 0:04 | Build | House |
| 0:06 | Create | Villager (Male) |
| 0:08 | Create | Villager (Male) |
| 0:09 | Create | Villager (Male) |
| 1:30 | Create | Villager (Male) |
| 1:56 | Build | Lumber Camp |
| 2:00 | Create | Villager (Male) |
| 2:16 | Create | Villager (Male) |
| 2:37 | Create | Villager (Male) |
| 2:38 | Create | Villager (Male) |
| 3:02 | Build | House |
| 3:02 | Build | House |
| 3:07 | Create | Villager (Male) |
| 3:43 | Create | Villager (Male) |
| 4:19 | Create | Villager (Male) |
| 4:33 | Create | Villager (Male) |
| 4:33 | Create | Villager (Male) |
| 4:49 | Build | Mill |
| 5:20 | Create | Villager (Male) |
| 5:33 | Create | Villager (Male) |
| 5:33 | Create | Villager (Male) |
| 5:48 | Create | Villager (Male) |
| 5:48 | Create | Villager (Male) |
| 6:07 | Create | Villager (Male) |
| 6:08 | Create | Villager (Male) |
| 6:25 | Build | Farm |
| 6:27 | Build | Farm |
| 6:42 | Create | Villager (Male) |
| 6:42 | Create | Villager (Male) |
| 6:42 | Create | Villager (Male) |
| 6:48 | Build | Farm |
| 7:36 | Build | Mining Camp |
| 7:46 | Build | House |
| 8:25 | Create | Villager (Male) |
| 8:27 | Research | Feudal Age |
| 10:06 | Create | Villager (Male) |
| 11:46 | Age | Feudal Age |
| 11:49 | Build | Market |
| 11:52 | Build | Blacksmith |
| 12:03 | Create | Villager (Male) |
| 12:35 | Research | Castle Age |
| 12:40 | Create | Villager (Male) |
| 12:46 | Build | Barracks |
| 12:54 | Research | Double-Bit Axe |
| 12:56 | Build | House |
| 13:03 | Research | Horse Collar |
| 13:12 | Research | Loom |
| 13:40 | Build | Farm |
| 13:43 | Build | Farm |
| 13:49 | Build | Stable |
| 15:05 | Research | Scale Barding Armor |
| 15:16 | Age | Castle Age |
| 15:17 | Create | Villager (Male) |
| 15:20 | Create | Knight |
| 15:44 | Build | Siege Workshop |
| 15:49 | Create | Knight |
| 15:51 | Create | Knight |
| 15:57 | Create | Villager (Male) |
| 16:05 | Build | Farm |
| 16:21 | Create | Villager (Male) |
| 16:23 | Build | House |
| 16:33 | Create | Knight |
| 16:37 | Create | Battering Ram |
| 16:38 | Create | Battering Ram |
| 16:42 | Build | House |
| 16:47 | Create | Villager (Male) |
| 17:01 | Create | Battering Ram |
| 17:03 | Create | Villager (Male) |
| 17:06 | Build | House |
| 17:38 | Create | Scorpion |
| 17:38 | Create | Scorpion |
| 17:45 | Build | House |
| 18:06 | Create | Knight |
| 18:07 | Create | Knight |
| 18:08 | Create | Villager (Male) |
| 18:08 | Create | Villager (Male) |
| 18:08 | Create | Villager (Male) |
| 18:10 | Create | Villager (Male) |
| 18:10 | Create | Villager (Male) |
| 18:30 | Create | Villager (Male) |
| 18:30 | Create | Villager (Male) |
| 18:31 | Create | Villager (Male) |
| 18:32 | Build | House |
| 18:36 | Build | Farm |
| 18:37 | Build | Farm |
| 18:41 | Create | Knight |
| 18:45 | Create | Battering Ram |
| 19:05 | Create | Knight |
| 19:23 | Create | Villager (Male) |
| 19:24 | Create | Villager (Male) |
| 19:27 | Create | Villager (Male) |
| 19:36 | Create | Battering Ram |
| 20:04 | Create | Villager (Male) |
| 20:08 | Create | Mangonel |
| 20:09 | Create | Mangonel |
| 20:41 | Create | Knight |
| 21:06 | Create | Knight |
| 21:06 | Create | Knight |
| 21:23 | Create | Knight |
| 21:24 | Create | Knight |
| 21:24 | Create | Villager (Male) |
| 21:24 | Create | Villager (Male) |
| 21:24 | Create | Villager (Male) |
| 21:32 | Create | Villager (Male) |
| 21:32 | Create | Villager (Male) |
Build order — Weon
75 actions detected in the replay
| 0:01 | Create | Villager (Male) ×4 |
| 0:03 | Build | House |
| 0:04 | Build | House |
| 1:17 | Create | Villager (Male) |
| 1:54 | Build | Lumber Camp |
| 2:02 | Create | Villager (Male) |
| 2:17 | Create | Villager (Male) |
| 2:52 | Create | Villager (Male) |
| 3:08 | Create | Villager (Male) |
| 3:08 | Create | Villager (Male) |
| 3:27 | Create | Villager (Male) |
| 3:49 | Build | House |
| 3:55 | Create | Villager (Male) |
| 3:55 | Create | Villager (Male) |
| 4:04 | Build | Palisade Wall |
| 4:22 | Build | Mining Camp |
| 4:48 | Create | Villager (Male) |
| 5:11 | Create | Villager (Male) |
| 5:41 | Research | Loom |
| 6:20 | Research | Feudal Age |
| 7:08 | Build | House |
| 7:16 | Create | Villager (Male) |
| 7:16 | Create | Villager (Male) |
| 8:30 | Age | Feudal Age |
| 8:38 | Research | Double-Bit Axe |
| 8:52 | Build | Watch Tower |
| 9:03 | Create | Villager (Male) |
| 9:13 | Build | Watch Tower |
| 9:33 | Build | Mill |
| 10:21 | Create | Villager (Male) |
| 10:42 | Build | Market |
| 11:14 | Build | Watch Tower |
| 11:22 | Create | Villager (Male) |
| 11:37 | Build | Palisade Gate |
| 11:46 | Create | Villager (Male) |
| 11:46 | Create | Villager (Male) |
| 12:09 | Create | Villager (Male) |
| 12:24 | Build | Watch Tower |
| 12:39 | Build | House |
| 12:51 | Create | Villager (Male) |
| 13:18 | Create | Villager (Male) |
| 13:20 | Build | Blacksmith |
| 13:22 | Create | Villager (Male) |
| 13:58 | Build | Watch Tower |
| 14:07 | Research | Fletching |
| 14:07 | Create | Villager (Male) |
| 14:09 | Build | House |
| 14:17 | Create | Villager (Male) |
| 15:18 | Research | Castle Age |
| 16:21 | Research | Fletching |
| 16:48 | Create | Villager (Male) |
| 16:51 | Build | Mining Camp |
| 17:58 | Age | Castle Age |
| 18:08 | Build | University |
| 18:10 | Create | Villager (Male) |
| 18:11 | Create | Villager (Male) |
| 18:46 | Build | Stone Wall |
| 18:54 | Build | House |
| 18:57 | Build | Stone Wall |
| 18:59 | Build | Stone Wall |
| 19:01 | Create | Villager (Male) |
| 19:05 | Build | Siege Workshop |
| 19:12 | Create | Villager (Male) |
| 19:41 | Build | Stone Wall |
| 19:42 | Build | Stone Wall |
| 19:42 | Build | Stone Wall |
| 19:45 | Build | Stone Wall |
| 20:00 | Build | House |
| 20:10 | Build | Palisade Wall |
| 20:31 | Build | Palisade Wall |
| 20:39 | Build | Palisade Wall |
| 20:40 | Build | Stone Wall |
| 20:42 | Build | Stone Wall |
| 20:55 | Build | House |
| 20:59 | Build | House |
Match timeline
| 3:55 | TAG_Sitaux · wall_segment Palisade Wall x2 |
| 3:58 | TAG_Sitaux · wall_segment Palisade Wall x1 |
| 3:59 | TAG_Sitaux · wall_segment Palisade Wall x1 |
| 4:00 | TAG_Sitaux · wall_segment Palisade Wall x1 |
| 4:00 | TAG_Sitaux · wall_segment Palisade Wall x1 |
| 4:04 | Weon · wall_segment Palisade Wall x1 |
| 8:25 | VENÓN | Mauricio · age_up feudal |
| 8:30 | Weon · age_up feudal |
| 9:45 | TAG_Sitaux · first_building Barracks |
| 10:08 | TAG_Sitaux · wall_segment Palisade Wall x5 |
| 10:15 | TAG_Sitaux · wall_segment Palisade Wall x4 |
| 10:19 | TAG_Sitaux · wall_segment Palisade Wall x3 |
| 10:56 | TAG_Sitaux · age_up feudal |
| 11:21 | TAG_Sitaux · first_building Archery Range |
| 11:46 | TAG_Sitaux · wall_segment Stone Wall x1 |
| 11:46 | Smiley · age_up feudal |
| 11:48 | TAG_Sitaux · wall_segment Stone Wall x5 |
| 11:56 | TAG_Sitaux · wall_segment Stone Wall x1 |
| 12:46 | Smiley · first_building Barracks |
| 12:54 | VENÓN | Mauricio · tribute_sent a jugador 1 |
| 12:54 | VENÓN | Mauricio · tribute_sent a jugador 3 |
| 12:54 | VENÓN | Mauricio · tribute_sent a jugador 4 |
| 13:49 | Smiley · first_building Stable |
| 14:44 | VENÓN | Mauricio · tribute_sent a jugador 1 |
| 14:44 | VENÓN | Mauricio · tribute_sent a jugador 3 |
| 14:44 | VENÓN | Mauricio · tribute_sent a jugador 4 |
| 14:44 | Weon · first_market_sell 500 stone |
| 14:45 | Weon · first_market_buy 100 food |
| 15:16 | Smiley · age_up castle |
| 15:44 | Smiley · first_building Siege Workshop |
| 17:11 | VENÓN | Mauricio · first_building Barracks |
| 17:58 | Weon · age_up castle |
| 18:41 | VENÓN | Mauricio · first_building Stable |
| 18:46 | Weon · wall_segment Stone Wall x3 |
| 18:57 | Weon · wall_segment Stone Wall x13 |
| 18:59 | Weon · wall_segment Stone Wall x1 |
| 19:05 | Weon · first_building Siege Workshop |
| 19:41 | Weon · wall_segment Stone Wall x1 |
| 19:42 | Weon · wall_segment Stone Wall x1 |
| 19:42 | Weon · wall_segment Stone Wall x1 |
| 19:45 | Weon · wall_segment Stone Wall x5 |
| 20:10 | Weon · wall_segment Palisade Wall x6 |
| 20:31 | Weon · wall_segment Palisade Wall x1 |
| 20:32 | VENÓN | Mauricio · age_up castle |
| 20:39 | Weon · wall_segment Palisade Wall x1 |
| 20:40 | Weon · wall_segment Stone Wall x1 |
| 20:42 | Weon · wall_segment Stone Wall x1 |
| 21:01 | Smiley · first_market_sell 100 wood |
| 21:02 | Smiley · first_market_buy 100 food |
| 21:10 | TAG_Sitaux · age_up castle |
| 21:30 | VENÓN | Mauricio · resign |
[ AI ANALYSIS · 1 CREDIT ]
What really happened in this match?
Wolo.gg analyzes every decision: build order, eco, micro, common mistakes by bracket. Personalized analysis on WhatsApp or Discord in 30 seconds.
Civ guide
Malians
Perfil
Sitaux (TAG_Sitaux)